 Dungeon Sprint DCSS version 0.27-a0-463-gec7707c53d (webtiles) character file.

Game seed: 8860087979622038887

181167 mhtbhm the Gargoyle Barricade (level 18, -7/145 HPs)
             Began as a Gargoyle Fighter on Feb 28, 2021.
             Was the Champion of Trog.
             Killed from afar by a black draconian annihilator (21 damage)
             ... with a crystal spear
             ... in the Dungeon (Sprint VII: "The Pits").
             The game lasted 00:24:10 (7390 turns).

mhtbhm the Gargoyle Barricade (Gargoyle Fighter)    Turns: 7390, Time: 00:24:11

Health: -7/145     AC: 48    Str: 34    XL:     18   Next: 29%
Magic:  18/18      EV: 17    Int: 17    God:    Trog [******]
Gold:   33         SH: 29    Dex: 12    Spells: 17/17 levels left

rFire    + + .     SeeInvis +   u - +14 obsidian axe {vorpal, *Drain +Fly SInv}
rCold    + . .     Faith    .   c - +1 tower shield
rNeg     + + +     Spirit   .   b - +8 chain mail of Ru's Castigation {rElec rPois SInv}
rPois    ∞         Reflect  .   B - +0 helmet "Walegud" {Str+2}
rElec    +         Harm     .   p - +1 cloak
rCorr    .         Rampage  .   t - +1 pair of gloves
Will     +++..     NoTele   +   E - +1 pair of boots {Stlth+}
Stlth    +++.......             m - amulet "Baps" {rF+ Regen+}
HPRegen  2.34/turn              K - ring of Xudekhloh {rC+ rN++ Int+6 Dex+3}
MPRegen  0.16/turn              Y - ring of the Establishment {rPois rF+ Str+6}

@: berserk cooldown, flying, mesmerised, regenerating, slowed, studying 2
skills, very slow
A: big wings, negative energy resistance 1, electricity resistance, unbreathing,
petrification resistance, miasma immunity, subdued magic 1, AC +13
a: Stop Flying, Renounce Religion, Berserk, Trog's Hand, Brothers in Arms


You were in the Dungeon.
You worshipped Trog.
Trog was exalted by your worship.
You visited 1 branch You collected 33 gold pieces.

Inventory:

Hand Weapons
 a - the +4 broad axe of Outrage {flame, rC++ Int+3}
   (Trog gifted it to you in the Dungeon)

   It has been specially enchanted to burn those struck by it, causing extra
   injury to most foes and up to half again as much damage against particularly
   susceptible opponents.
   Big, fiery blades are also staple armaments of hydra-hunters.
   It affects your intelligence (+3).
   It greatly protects you from cold.
 q - the +8 executioner's axe of Deidedd {antimagic, Str+3 Stlth+}
   (Trog gifted it to you in the Dungeon)

   It reduces the magical energy of the wielder, and disrupts the spells and
   magical abilities of those hit.
   Natural abilities and divine invocations are not affected.
   It affects your strength (+3).
   It makes you more stealthy.
 u - the +14 obsidian axe (weapon) {vorpal, *Drain +Fly SInv}
   (Trog gifted it to you in the Dungeon)

   It inflicts extra damage upon your enemies.
   It lets you see invisible.
   It lets you fly.
   It causes draining when unequipped.
Missiles
 v - 15 javelins (quivered)
Armour
 b - the +8 chain mail of Ru's Castigation (worn) {rElec rPois SInv}
   (You found it in the Dungeon)

   It insulates you from electricity.
   It protects you from poison.
   It lets you see invisible.
 c - a +1 tower shield (worn)
 p - a +1 cloak (worn)
 t - a +1 pair of gloves (worn)
 B - the +0 helmet "Walegud" (worn) {Str+2}
   (You found it in the Dungeon)

   It affects your strength (+2).
 E - a +1 pair of boots of stealth (worn)
Jewellery
 m - the amulet "Baps" (around neck) {rF+ Regen+}
   (You found it in the Dungeon)

   [amulet of regeneration]

   It protects you from fire.
   It increases your rate of regeneration.
 C - the amulet of the Skies Above {+Inv Regen+ Str+3}
   (You found it in the Dungeon)

   [amulet of regeneration]

   It affects your strength (+3).
   It lets you turn invisible.
   It increases your rate of regeneration.
 J - a +5 ring of slaying
 K - the ring of Xudekhloh (left hand) {rC+ rN++ Int+6 Dex+3}
   (You found it in the Dungeon)

   [ring of intelligence]

   It affects your intelligence (+6).
   It affects your dexterity (+3).
   It protects you from cold.
   It greatly protects you from negative energy.
 T - the ring of Liberty {rElec rN+ Str+6 Dex-5 Slay+5}
   (You found it in the Dungeon)

   [ring of slaying]

   It affects your strength (+6).
   It affects your dexterity (-5).
   It affects your accuracy and damage with ranged weapons and melee attacks
   (+5).
   It insulates you from electricity.
   It protects you from negative energy.
 U - the ring of Gesm {rF+++ Will+ Str+2 Int+4 Stlth-}
   (You found it in the Dungeon)

   [ring of willpower]

   It affects your strength (+2).
   It affects your intelligence (+4).
   It renders you almost immune to fire.
   It affects your willpower, your defense against some magical effects.
   It makes you less stealthy.
 Y - the ring of the Establishment (right hand) {rPois rF+ Str+6}
   (You found it in the Dungeon)

   [ring of poison resistance]

   It affects your strength (+6).
   It protects you from fire.
   It protects you from poison.
Wands
 r - a wand of acid (14)
 s - a wand of mindburst (5)
Scrolls
 j - a scroll of blinking
 l - a scroll of summoning
 w - 4 scrolls of enchant armour
 x - 5 scrolls of identify
 y - 4 scrolls of enchant weapon
 D - a scroll of immolation
Potions
 d - 2 potions of might
 e - 6 potions of curing
 g - 4 potions of haste
 h - 9 potions of magic
 i - 6 potions of berserk rage
 k - a potion of invisibility
 n - a potion of attraction
 o - 7 potions of mutation
Miscellaneous
 F - a lightning rod (4/4)


   Skills:
 O Level 27 Fighting
 O Level 27 Axes
 + Level 22.4 Armour
 + Level 14.6 Dodging
 - Level 15.5 Stealth
 O Level 27 Shields
 + Level 5.2 Evocations


You had 17 spell levels left.
You didn't know any spells.
Your spell library was empty.

Dungeon Overview and Level Annotations

Branches:
Dungeon (1/1)

Altars:
Ashenzari
Cheibriados
Dithmenos
Elyvilon
Fedhas
Gozag
Hepliaklqana
Kikubaaqudgha
Makhleb
Nemelex Xobeh
Okawaru
Qazlal
Ru
Sif Muna
Trog
Uskayaw
Vehumet
Wu Jian
Xom
Yredelemnul
Zin
The Shining One
Beogh
Jiyva
Lugonu


Innate Abilities, Weirdness & Mutations

You are resistant to torment.
Your stone body is resilient. (AC +13)
You are immune to poison.
Your large and strong wings let you fly indefinitely.
You resist negative energy. (rN+)
You are resistant to electric shocks. (rElec)
You can survive without breathing.
You are immune to petrification.
You are immune to miasma.
Your spells are a little easier to cast, but a little less powerful.


Message History

The black draconian annihilator is severely wounded.
Visions of slaying the black draconian annihilator flood into your mind.
The electric golem hurls lightning at you.
The bolt of lightning misses your iron troll.
The bolt of lightning misses you.
The electric golem hurls lightning at you.
The bolt of lightning hits your iron troll!!!
The bolt of lightning misses you.
You block the black draconian annihilator's attack.
Your skin crawls.
You feel strong-willed.
The electric golem blinks!
Your iron troll bites the electric golem.
Your iron troll claws the electric golem!!
Your iron troll barely misses the electric golem.
The electric golem blinks!
The black draconian annihilator casts a spell.
The black draconian annihilator blinks!
Unknown command.
Visions of slaying the electric golem flood into your mind.
The electric golem hurls lightning at your iron troll.
The bolt of lightning hits you. You resist.
* * * LOW HITPOINT WARNING * * *
The bolt of lightning hits your iron troll!!!
Your iron troll dies!
Your iron troll's corpse disappears in a puff of smoke!
The black draconian annihilator gestures wildly while chanting.
The black draconian annihilator blinks!
The electric golem blinks!
The black draconian annihilator hits you with a +0 short sword.
* * * LOW HITPOINT WARNING * * *
The electric golem hurls lightning at you.
The bolt of lightning hits you! You resist.
* * * LOW HITPOINT WARNING * * *
You feel better.
Visions of slaying the black draconian annihilator flood into your mind.
The electric golem hurls lightning at you.
The bolt of lightning misses you.
The black draconian annihilator points at you and mumbles some strange words.
The crystal spear hits you!!
You die...

#######'# # #'# ###. #)#
#.' #'# §.. #†# #.# #)#
#8# ### #.# ##§###)###.##
#'# +...'q@)')..#######
#.#
##.###.###.###.)#.###'#
###.#)# ###.###...##)#
#+#+.##'.##+.##'.'#.###'#
#.#...'...#...#§).#'# #.#
#'#.###.###.'##.##.###'#
##)###.###.###)'##...##.#
#...'..)'..)'...##'.##...
##.###.###.###.##)##''.))


You could see an electric golem and a black draconian annihilator (mesmerising).

Vanquished Creatures
  Ereshkigal (D)
  Dissolution (D)
  An orb of fire (D)
  4 ancient liches (D)
  Mara (D)
  2 royal mummies (D)
  the Lernaean hydra (D)
  3 pandemonium lords (D)
  2 pearl dragons (D)
  A hellephant (D)
  2 Tzitzimimeh (D)
  2 Brimstone Fiends (D)
  An Ice Fiend (D)
  2 liches (D)
  3 Hell Sentinels (D)
  A deep elf master archer (D)
  A deep elf blademaster (D)
  An Executioner (D)
  A quicksilver dragon (D)
  5 titans (D)
  A sphinx (D)
  A storm dragon (D)
  A nagaraja (D)
  A deep elf sorcerer (D)
  A fire giant (D)
  A draconian knight (D)
  A draconian scorcher (D)
  3 orc warlords (D)
  An angel (D)
  An emperor scorpion (D)
  A draconian annihilator (D)
  A green draconian (D)
  A deep elf demonologist (D)
  A deep elf annihilator (D)
  A yellow draconian (D)
  3 white draconians (D)
  A minotaur (D)
  An eidolon (D)
  A blizzard demon (D)
  A yaktaur captain (D)
  A naga warrior (D)
  2 boulder beetles (D)
  3 vault guards (D)
  3 ogre magi (D)
  4 death knights (D)
  A hydra (D)
  Erica (D)
  3 two-headed ogres (D)
  A death yak (D)
  A spriggan berserker (D)
  A deep elf knight (D)
  A soul eater (D)
  3 sea snakes (D)
  A cherub (D)
  A salamander mystic (D)
  2 spriggan druids (D)
  2 swamp dragons (D)
  A phantasmal warrior (D)
  3 lindwurms (D)
  6 orc knights (D)
  A deep elf pyromancer (D)
  An orc sorcerer (D)
  A faun (shapeshifter) (D)
  A moth of wrath (D)
  An elephant (D)
  2 guardian serpents (D)
  A merfolk siren (D)
  Maurice (D)
  A molten gargoyle (D)
  An orange demon (D)
  2 rust devils (D)
  A cane toad (D)
  3 yaktaurs (D)
  2 rime drakes (D)
  A komodo dragon (D)
  An efreet (D)
  A hellion (D)
  A freezing wraith (D)
  A demonic crawler (D)
  A guardian mummy (D)
  A tormentor (D)
  An ice devil (D)
  A wandering mushroom (D)
  A polar bear (D)
  A hornet (D)
  A tyrant leech (D)
  6 dream sheep (D)
  A shadow (D)
  An air elemental (D)
  A ynoxinul (D)
  5 yaks (D)
  A vampire (D)
  A basilisk (D)
  2 golden eyes (D)
  A steam dragon (D)
  3 vampire mosquitoes (D)
  A neqoxec (D)
  A chaos spawn (D)
  A warg (D)
  A naga (D)
  An acid dragon (D)
  Duvessa (D)
  A swamp drake (D)
  Purgy (D)
  A floating eye (D)
  An ice beast (D)
  A black bear (D)
  4 wolves (D)
  3 ogres (D)
  2 scorpions (D)
  Dowan (D)
  11 killer bees (D)
  A crimson imp (D)
  A jelly (D)
  A gnoll shaman (D)
  Terence (D)
  A mummy (D)
  6 gnolls (D)
  2 adders (D)
  4 ufetubi (D)
  An adder zombie (D)
  4 orcs (D)
  A bat (D)
  A bat skeleton (D)
  A bat zombie (D)
  A giant cockroach (D)
  A goblin (D)
  A kobold (D)
  A quokka (D)
  A ball python skeleton (D)
  A leopard gecko skeleton (D)
  A quokka simulacrum (D)
  A quokka zombie (D)
  A fire vortex (D)
220 creatures vanquished.

Vanquished Creatures (collateral kills)
  A curse toe (D)
  A lich (D)
  A draconian monk (D)
  3 nagarajas (D)
  A draconian shifter (D)
  A deep elf demonologist (D)
  A vampire knight (D)
  A black draconian (D)
  An eidolon (D)
  A yaktaur captain (D)
  A deep elf knight (D)
  A sixfirhy (D)
  A spriggan (D)
  A cherub (D)
  A deep elf archer (D)
  A deep elf pyromancer (D)
  5 orc knights (D)
  2 deep elf zephyrmancers (D)
  A yaktaur (D)
  A komodo dragon (D)
  A red devil (D)
  A hornet (D)
  A chaos spawn (D)
  2 orc warriors (D)
  An ogre (D)
  An earth elemental (D)
  2 orc priests (D)
  7 orcs (D)
43 creatures vanquished.

Vanquished Creatures (others)
  A deep elf knight (D)
  A guardian serpent (D)
  A yaktaur (D)
  A yak (D)
4 creatures vanquished.

Grand Total: 267 creatures vanquished

Notes
Turn   | Place    | Note
-------+----------+-------------------------------------------
     0 | D        | mhtbhm the Gargoyle Fighter began the quest for the Orb.
     0 | D        | Reached XP level 1. HP: 14/14 MP: 1/1
    17 | D        | Found a bloodstained altar of Trog.
    17 | D        | Found a shimmering blue altar of Sif Muna.
    17 | D        | Found a viscous altar of Jiyva.
    17 | D        | Found a hazy altar of Hepliaklqana.
    17 | D        | Found an opulent altar of Gozag.
    18 | D        | Found a glowing golden altar of the Shining One.
    18 | D        | Found a glowing silver altar of Zin.
    18 | D        | Found a basalt altar of Yredelemnul.
    18 | D        | Found a shimmering altar of Xom.
    18 | D        | Found an ornate altar of the Wu Jian Council.
    18 | D        | Found a sacrificial altar of Ru.
    18 | D        | Found a stormy altar of Qazlal.
    18 | D        | Found an iron altar of Okawaru.
    18 | D        | Found a sparkling altar of Nemelex Xobeh.
    18 | D        | Found a burning altar of Makhleb.
    18 | D        | Found a blossoming altar of Fedhas.
    18 | D        | Found a white marble altar of Elyvilon.
    18 | D        | Found a shadowy altar of Dithmenos.
    18 | D        | Found a snail-covered altar of Cheibriados.
    20 | D        | Found a radiant altar of Vehumet.
    20 | D        | Found a corrupted altar of Lugonu.
    20 | D        | Found a roughly hewn altar of Beogh.
    22 | D        | Became a worshipper of Trog the Wrathful
    69 | D        | Reached XP level 2. HP: 17/20 MP: 2/2
    70 | D        | Reached * piety under Trog
   118 | D        | Noticed a floating eye
   121 | D        | Paralysed by a floating eye for 3 turns
   125 | D        | Killed a floating eye
   126 | D        | Reached skill level 5 in Armour
   126 | D        | Reached skill level 1 in Dodging
   126 | D        | Reached skill level 5 in Shields
   126 | D        | Reached XP level 3. HP: 27/27 MP: 3/3
   126 | D        | Reached XP level 4. HP: 32/32 MP: 4/4
   138 | D        | Reached ** piety under Trog
   150 | D        | Reached XP level 5. HP: 34/36 MP: 5/5
   217 | D        | Noticed Dowan
   217 | D        | Noticed Duvessa
   217 | D        | Noticed an ice beast
   221 | D        | Reached *** piety under Trog
   227 | D        | Killed Dowan
   227 | D        | Reached **** piety under Trog
   228 | D        | Reached skill level 5 in Axes
   229 | D        | Reached XP level 6. HP: 44/44 MP: 6/6
   231 | D        | Killed Duvessa
   231 | D        | Killed an ice beast
   277 | D        | Reached XP level 7. HP: 41/49 MP: 7/7
   279 | D        | Noticed a sea snake
   297 | D        | Killed a sea snake
   297 | D        | Reached ***** piety under Trog
   298 | D        | Reached skill level 10 in Axes
   298 | D        | Reached XP level 8. HP: 40/56 MP: 8/8
   450 | D        | Noticed Terence
   473 | D        | Killed Terence
   690 | D        | Noticed a polar bear
   690 | D        | Noticed a tyrant leech
   698 | D        | Killed a tyrant leech
   699 | D        | Reached skill level 10 in Shields
   704 | D        | Killed a polar bear
   705 | D        | Reached skill level 10 in Fighting
   784 | D        | Got the +2 war axe of Rufaesun {freeze, *Drain rPois rF+
                  | Dex+3}
   829 | D        | Found a hide-covered altar of Uskayaw.
   829 | D        | Found an ancient bone altar of Kikubaaqudgha.
   829 | D        | Found a broken altar of Ashenzari.
   856 | D        | Noticed an orange demon
   864 | D        | Received a gift from Trog
   865 | D        | Reached XP level 9. HP: 48/62 MP: 9/9
   873 | D        | Killed an orange demon
   873 | D        | Reached ****** piety under Trog
  1007 | D        | Noticed a demonic crawler
  1029 | D        | Killed a demonic crawler
  1174 | D        | Noticed a lindwurm
  1174 | D        | Noticed Maurice
  1182 | D        | Killed a lindwurm
  1189 | D        | Killed Maurice
  1189 | D        | Identified the +4 broad axe of Outrage {flame, rC++ Int+3}
                  | (Trog gifted it to you in the Dungeon)
  1189 | D        | Received a gift from Trog
  1190 | D        | Reached XP level 10. HP: 37/70 MP: 10/10
  1291 | D        | Noticed an elephant
  1298 | D        | Killed an elephant
  1449 | D        | Noticed a sea snake
  1449 | D        | Noticed a deep elf pyromancer
  1457 | D        | Reached skill level 5 in Dodging
  1463 | D        | Killed a sea snake
  1466 | D        | Killed a deep elf pyromancer
  1568 | D        | Noticed a cane toad
  1575 | D        | Killed a cane toad
  1575 | D        | Received a gift from Trog
  1629 | D        | Noticed a phantasmal warrior
  1641 | D        | Killed a phantasmal warrior
  1679 | D        | Noticed a boulder beetle
  1691 | D        | Reached skill level 15 in Axes
  1691 | D        | Reached XP level 11. HP: 55/76 MP: 11/11
  1697 | D        | Killed a boulder beetle
  1787 | D        | Noticed a minotaur
  1791 | D        | Received a gift from Trog
  1792 | D        | Found the +14 obsidian axe {vorpal, *Drain +Fly SInv}
  1798 | D        | Killed a minotaur
  1799 | D        | Reached skill level 1 in Stealth
  1962 | D        | Noticed a death yak
  1962 | D        | Noticed Purgy
  1962 | D        | Noticed a death knight
  1966 | D        | Killed Purgy
  1973 | D        | Received a gift from Trog
  1987 | D        | Received a gift from Trog
  1987 | D        | Killed a death knight
  1988 | D        | Reached skill level 10 in Armour
  1992 | D        | Killed a death yak
  1997 | D        | Noticed a two-headed ogre
  1999 | D        | Received a gift from Trog
  2008 | D        | Killed a two-headed ogre
  2256 | D        | Got the +0 helmet "Walegud" {Str+2}
  2357 | D        | Received a gift from Trog
  2358 | D        | Reached skill level 15 in Shields
  2358 | D        | Reached XP level 12. HP: 79/85 MP: 12/12
  2433 | D        | Noticed an angel
  2433 | D        | Noticed Erica
  2444 | D        | Killed an angel
  2448 | D        | Killed Erica
  2624 | D        | Noticed a two-headed ogre
  2629 | D        | Noticed a two-headed ogre
  2630 | D        | Killed a two-headed ogre
  2630 | D        | Received a gift from Trog
  2635 | D        | Noticed an ogre mage
  2645 | D        | Killed a two-headed ogre
  2651 | D        | Killed an ogre mage
  2651 | D        | Identified the +6 hand axe of Conformity {flame, rPois rC+
                  | SInv} (Trog gifted it to you in the Dungeon)
  2651 | D        | Received a gift from Trog
  2805 | D        | Noticed a boulder beetle
  2805 | D        | Noticed an emperor scorpion
  2814 | D        | Killed a boulder beetle
  2827 | D        | Killed an emperor scorpion
  2828 | D        | Reached skill level 15 in Fighting
  2861 | D        | Noticed an ancient lich
  2880 | D        | Killed an ancient lich
  2880 | D        | Received a gift from Trog
  2881 | D        | Reached XP level 13. HP: 50/93 MP: 13/13
  3107 | D        | Noticed a storm dragon
  3114 | D        | Killed a storm dragon
  3194 | D        | Noticed an eidolon
  3200 | D        | Killed an eidolon
  3206 | D        | Reached skill level 5 in Stealth
  3213 | D        | Received a gift from Trog
  3538 | D        | Noticed a nagaraja
  3540 | D        | Noticed an orc warlord
  3540 | D        | Noticed an orc warlord
  3542 | D        | Killed a nagaraja
  3542 | D        | Received a gift from Trog
  3543 | D        | Noticed a yaktaur captain
  3545 | D        | Noticed a yaktaur captain
  3547 | D        | Noticed a vault guard
  3549 | D        | Noticed a deep elf blademaster
  3554 | D        | Killed an orc warlord
  3554 | D        | Received a gift from Trog
  3555 | D        | Noticed a vault guard
  3559 | D        | Killed a vault guard
  3560 | D        | Killed an orc warlord
  3561 | D        | Killed a vault guard
  3563 | D        | Received a gift from Trog
  3564 | D        | Gained mutation: Your large and strong wings let you fly
                  | indefinitely. [Gargoyle growth]
  3564 | D        | Reached XP level 14. HP: 84/103 MP: 14/14
  3566 | D        | Reached skill level 10 in Stealth
  3568 | D        | Killed a deep elf blademaster
  3568 | D        | Identified the +1 broad axe of Massacring {vorpal, rF+}
                  | (Trog gifted it to you in the Dungeon)
  3568 | D        | Received a gift from Trog
  3829 | D        | Got the +9 whip "Dragon's Tongue" {vamp, rF- rN+++ Str+8
                  | Int-4}
  3916 | D        | Found the +10 Black Knight's barding {ponderous, rPois rN+}
  4150 | D        | Got the +8 chain mail of Ru's Castigation {rElec rPois
                  | SInv}
  4234 | D        | Received a gift from Trog
  4280 | D        | Noticed an Executioner
  4290 | D        | Killed an Executioner
  4347 | D        | Noticed Ereshkigal
  4487 | D        | Received a gift from Trog
  4499 | D        | Received a gift from Trog
  4506 | D        | Received a gift from Trog
  4509 | D        | Reached skill level 10 in Dodging
  4526 | D        | Noticed a vampire knight
  4528 | D        | Noticed a white draconian
  4532 | D        | Killed a vampire knight
  4532 | D        | Received a gift from Trog
  4541 | D        | Killed a white draconian
  4647 | D        | Received a gift from Trog
  4835 | D        | Noticed a sphinx
  4839 | D        | Paralysed by a sphinx for 7 turns
  4859 | D        | Paralysed by a sphinx for 2 turns
  4867 | D        | Killed a sphinx
  4962 | D        | Noticed a lich
  4962 | D        | Noticed a red draconian shifter
  4962 | D        | Noticed a nagaraja
  4965 | D        | Noticed a yellow draconian annihilator
  4965 | D        | Noticed a yellow draconian scorcher
  4971 | D        | Killed a lich
  4972 | D        | Noticed a white draconian
  4972 | D        | Noticed a nagaraja
  4973 | D        | Noticed a deep elf annihilator
  4973 | D        | Noticed a green draconian
  4973 | D        | Noticed a deep elf demonologist
  4974 | D        | Noticed a yellow draconian monk
  4975 | D        | Noticed a nagaraja
  4979 | D        | Noticed a deep elf demonologist
  4981 | D        | Killed a deep elf annihilator
  4981 | D        | Received a gift from Trog
  4982 | D        | Noticed a Hell Sentinel
  4982 | D        | Killed a red draconian shifter
  4984 | D        | Noticed a curse toe
  4985 | D        | Killed a yellow draconian scorcher
  4986 | D        | Killed a white draconian
  4986 | D        | Received a gift from Trog
  4986 | D        | Killed a nagaraja
  4987 | D        | Reached XP level 15. HP: 83/112 MP: 15/15
  4994 | D        | Killed a yellow draconian monk
  4995 | D        | Noticed an orc warlord
  4995 | D        | Noticed a lich
  5007 | D        | Killed a nagaraja
  5007 | D        | Received a gift from Trog
  5013 | D        | Killed an orc warlord
  5013 | D        | Received a gift from Trog
  5015 | D        | Killed a nagaraja
  5017 | D        | Killed a lich
  5018 | D        | Noticed a lich
  5018 | D        | Received a gift from Trog
  5019 | D        | Killed a curse toe
  5025 | D        | Killed a lich
  5026 | D        | Reached skill level 1 in Evocations
  5035 | D        | Identified the +8 battleaxe of Destruction {flame, rPois
                  | Str+2} (Trog gifted it to you in the Dungeon)
  5035 | D        | Received a gift from Trog
  5040 | D        | Received a gift from Trog
  5051 | D        | Received a gift from Trog
  5052 | D        | Reached skill level 15 in Stealth
  5120 | D        | Got the ring of Julicuc {rElec rC+ MP+9}
  5122 | D        | Got the ring "Fowk" {+Fly rElec Str-3 Slay+5}
  5124 | D        | Got the ring of Kaceuc {Str-4 Int+6 Slay+5}
  5128 | D        | Got the ring of Xudekhloh {rC+ rN++ Int+6 Dex+3}
  5130 | D        | Got the ring "Tiaxy" {rElec rPois rC+ Int-5 Dex+8}
  5132 | D        | Got the ring of the Sky {Dex+6 Slay+3}
  5134 | D        | Got the ring "Horafoc" {MP+9 Int+6 Stlth+}
  5136 | D        | Got the ring of Sewner {Fire *Corrode rPois rN+++ Str+4}
  5138 | D        | Got the ring of Vodka {rElec Will+ Int-3 Dex+3}
  5140 | D        | Got the ring of Henotheism {rElec rN+}
  5142 | D        | Got the ring "Jucka" {Int+3 Dex+6}
  5144 | D        | Got the ring of Beinogur {rC+ Str+2}
  5148 | D        | Got the ring of Liberty {rElec rN+ Str+6 Dex-5 Slay+5}
  5150 | D        | Got the ring of Gesm {rF+++ Will+ Str+2 Int+4 Stlth-}
  5152 | D        | Got the amulet of the Sun {Faith MP+9 Str+2 Dex-4 Stlth+}
  5154 | D        | Got the amulet "Tyumuuh" {rElec rPois rC++ Regen+}
  5156 | D        | Got the ring "Seutul" {rElec rPois Str+6 Int-2}
  5158 | D        | Got the ring of the Establishment {rPois rF+ Str+6}
  5160 | D        | Got the amulet "Limeb" {Regen+ Int+2}
  5179 | D        | Got the amulet "Baps" {rF+ Regen+}
  5183 | D        | Got the amulet of the Skies Above {+Inv Regen+ Str+3}
  5185 | D        | Got the ring "Level" {rC+ rN+ Will+ SInv}
  5187 | D        | Got the ring "Velecs" {*Slow rN+ Dex+5 Slay+5 Stlth+}
  5189 | D        | Got the ring "Xoihaof" {*Corrode *Slow +Blink rPois SInv}
  5338 | D        | Noticed a Tzitzimitl
  5373 | D        | Noticed a Tzitzimitl
  5414 | D        | Noticed a Tzitzimitl
  5432 | D        | Noticed a Tzitzimitl
  5451 | D        | Noticed a Tzitzimitl
  5473 | D        | Noticed a Tzitzimitl
  5504 | D        | Paralysed by Ereshkigal for 4 turns
  5516 | D        | Killed Ereshkigal
  5768 | D        | Noticed a fire giant
  5775 | D        | Killed a fire giant
  5777 | D        | Noticed the 27-headed Lernaean hydra
  5777 | D        | Noticed a titan
  5777 | D        | Noticed a Brimstone Fiend
  5777 | D        | Noticed a titan
  5784 | D        | Killed the 24-headed Lernaean hydra
  5795 | D        | Killed a titan
  5796 | D        | Reached skill level 15 in Armour
  5796 | D        | Killed a titan
  5796 | D        | Received a gift from Trog
  5798 | D        | Reached XP level 16. HP: 43/122 MP: 16/16
  5798 | D        | Killed a Brimstone Fiend
  5964 | D        | Noticed an Ice Fiend
  5972 | D        | Killed an Ice Fiend
  5999 | D        | Noticed Tietsuo the pandemonium lord
  6006 | D        | Killed Tietsuo the pandemonium lord
  6062 | D        | Noticed a titan
  6068 | D        | Killed a titan
  6068 | D        | Received a gift from Trog
  6243 | D        | Noticed a Hell Sentinel
  6264 | D        | Killed a Hell Sentinel
  6410 | D        | Noticed a deep elf master archer
  6412 | D        | Killed a deep elf master archer
  6416 | D        | Noticed an ancient lich
  6425 | D        | Killed an ancient lich
  6464 | D        | Noticed a quicksilver dragon
  6470 | D        | Killed a quicksilver dragon
  6470 | D        | Received a gift from Trog
  6474 | D        | Noticed a titan
  6482 | D        | Killed a titan
  6488 | D        | Noticed Xuqixeit the pandemonium lord
  6502 | D        | Killed Xuqixeit the pandemonium lord
  6649 | D        | Noticed a pearl dragon
  6667 | D        | Killed a pearl dragon
  6716 | D        | Noticed a royal mummy
  6725 | D        | Killed a royal mummy
  6725 | D        | Received a gift from Trog
  6761 | D        | Reached XP level 17. HP: 132/132 MP: 17/17
  6792 | D        | Noticed a pearl dragon
  6799 | D        | Killed a pearl dragon
  6815 | D        | Noticed an ancient lich
  6825 | D        | Killed an ancient lich
  6825 | D        | Received a gift from Trog
  6868 | D        | Noticed Dissolution
  6877 | D        | Paralysed by a floating eye for 2 turns
  6884 | D        | Killed Dissolution
  6885 | D        | Reached skill level 27 in Shields
  7072 | D        | Noticed an orb of fire
  7084 | D        | Gained mutation: Your spells are a little easier to cast,
                  | but a little less powerful. [an orb of fire]
  7088 | D        | Killed an orb of fire
  7133 | D        | Noticed an ancient lich
  7133 | D        | Noticed Mara
  7138 | D        | Killed Mara
  7138 | D        | Identified the +8 executioner's axe of Deidedd {antimagic,
                  | Str+3 Stlth+} (Trog gifted it to you in the Dungeon)
  7138 | D        | Received a gift from Trog
  7141 | D        | Killed an ancient lich
  7142 | D        | Reached skill level 27 in Fighting
  7284 | D        | Noticed Towy the pandemonium lord
  7290 | D        | Killed Towy the pandemonium lord
  7292 | D        | Noticed a hellephant
  7292 | D        | Noticed a Tzitzimitl
  7292 | D        | Noticed a Hell Sentinel
  7294 | D        | Noticed a titan
  7304 | D        | Killed a titan
  7304 | D        | Noticed a royal mummy
  7313 | D        | Killed a Hell Sentinel
  7313 | D        | Received a gift from Trog
  7317 | D        | Killed a Tzitzimitl
  7318 | D        | Reached XP level 18. HP: 50/145 MP: 18/18
  7323 | D        | Killed a royal mummy
  7324 | D        | Reached skill level 27 in Axes
  7348 | D        | Noticed a Tzitzimitl
  7348 | D        | Noticed a Brimstone Fiend
  7361 | D        | Killed a Tzitzimitl
  7361 | D        | Noticed a Hell Sentinel
  7365 | D        | Noticed an electric golem
  7366 | D        | Killed a hellephant
  7366 | D        | Received a gift from Trog
  7369 | D        | Killed a Hell Sentinel
  7375 | D        | Killed a Brimstone Fiend
  7376 | D        | Reached skill level 5 in Evocations
  7389 | D        | HP: 2/145 [electric golem/bolt of lightning (13)]
  7390 | D        | Killed from afar by a black draconian annihilator

Illustrated notes

Levels and vault maps discovered:
D:        pitsprint [storerooms_1, entrance_room_1, metal_vault_5, armoury_1,
          mini_pit_1, grid_room_1, main_hall_1, silver_pit, the_coven_2,
          the_vestibule_1, steel_vault_3, golden_pit, hallway_of_sentries,
          crystal_vault_5, iron_vault_4, final_vault]

Skill      XL: |  1  2  3  4  5  6  7  8  9 10 11 12 13 14 15 16 17 18 |
---------------+-------------------------------------------------------+-----
Axes           | 2 3 4 5 8 10 11 13 15 17 19 20 21 22 23 26 27 | 27.0
Armour         | 4 5 6 7 8 9 10 11 12 13 15 17 19 22 | 22.4
Shields        | 4 5 6 7 8 9 10 12 13 15 16 17 19 23 26 27 | 27.0
Fighting       | 6 7 8 9 10 11 12 14 15 17 19 21 24 27 | 27.0
Dodging        | 1 2 4 6 7 8 9 10 11 12 13 14 | 14.6
Stealth        | 1 4 9 14 15 | 15.5
Evocations     | 2 4 5 |  5.2

Action                   |  1- 3 |  4- 6 |  7- 9 | 10-12 | 13-15 | 16-18 || total
-------------------------+-------+-------+-------+-------+-------+-------++-------
Melee: Hand axe          |    12 |    33 |    62 |       |       |       ||   107
       War axe           |     2 |       |    46 |       |       |       ||    48
       Broad axe         |       |       |       |   199 |   400 |   228 ||   827
Invok: Berserk           |       |     1 |     3 |     6 |     9 |    10 ||    29
       Brothers in Arms  |       |       |       |     1 |    13 |     2 ||    16
       Trog's Hand       |       |       |       |       |     4 |     2 ||     6
 Abil: Fly               |       |       |       |       |     1 |       ||     1
Evoke: Wand              |       |       |       |       |     6 |     1 ||     7
  Use: Potion            |       |       |       |     3 |    17 |     6 ||    26
       Scroll            |       |       |       |       |     2 |       ||     2
 Stab: Invisible         |       |       |       |       |    24 |       ||    24
       Sleeping          |       |       |       |       |     3 |     7 ||    10
       Distracted        |       |       |       |       |     2 |     1 ||     3
       Confused          |       |       |       |       |     1 |       ||     1
Armor: Scale mail        |     9 |    25 |       |       |       |       ||    34
       Chain mail        |       |    11 |    20 |       |   122 |    52 ||   205
       Ring mail         |       |       |    59 |    82 |    14 |       ||   155
Dodge: Dodged            |     5 |     8 |    54 |    78 |    94 |    28 ||   267
Block: Kite shield       |     7 |    23 |    96 |   127 |    28 |       ||   281
       Tower shield      |       |       |       |       |   321 |   113 ||   434
       Reflection        |       |       |       |       |    10 |       ||    10

Table legend: (Time is in decaauts)
 A = Elapsed time spent in this place.
 B = Non-inter-level travel time spent in this place.
 C = Inter-level travel time spent in this place.
 D = Time resting spent in this place.
 E = Time spent auto-exploring this place.
 F = Levels seen in this place.
 G = Mean time per level.
                   A        B        C        D        E       F      G
               +--------+--------+--------+--------+--------+-----+--------+
         Total |   7385 |   7379 |      6 |   4445 |     97 |   1 | 7385.0 |
       Dungeon |   7385 |   7379 |      6 |   4445 |     97 |   1 | 7385.0 |
               +--------+--------+--------+--------+--------+-----+--------+

Top non-repeatable levels by time:
       D: 7385 daAuts
